 Dungeon Crawl Stone Soup version 0.30-a0-715-gdb4ae3ece1 (console) character file.

Game seed: 12842705011395760656

120 Banquo the Trooper (level 5, 0/60 HPs)
             Began as a Djinni Wanderer on Jan 23, 2023.
             Slain by a gnoll bouda
             ... wielding a +0 club
              (4 damage)
             ... on level 4 of the Dungeon.
             The game lasted 00:07:49 (1786 turns).

Banquo the Trooper (Djinni Wanderer)                Turns: 1786, Time: 00:07:49

Health: 0/60       AC: 22    Str:  8    XL:     5   Next: 25%
Gold:   126        EV:  2    Int: 20    God:
                   SH:  0    Dex: 17

rFire   . . .      SeeInvis .    (no weapon)
rCold   . . .      Faith    .    (no shield)
rNeg    . . .      Spirit   .    (body armour currently unavailable)
rPois   ∞          Reflect  .    (helmet currently unavailable)
rElec   .          Harm     .    (cloak currently unavailable)
rCorr   .          Rampage  .    (gloves currently unavailable)
Will    .....      NoTele   +    (boots unavailable)
Stlth   ++                       (no amulet)
HPRegen 0.30/turn                r - +6 ring of intelligence
MPRegen 0.00/turn                (no ring)

@: tree-form, weakened
A: stationary, stasis, torment immunity, boosted hp, sickness immunity, (fire
resistance 2), (cold vulnerability 1), float, innate caster, HP casting, extra
vitality 1
a: no special abilities


You were on level 4 of the Dungeon.
You were a tree.
You visited 1 branch of the dungeon, and saw 4 of its levels.

You collected 126 gold pieces.

Inventory:

Hand Weapons
 a - a +2 sling
 b - a +3 dagger of flaming
 d - a +0 dagger
 u - a +0 short sword
 w - a +0 quarterstaff
 x - a +1 whip of draining
Missiles
 c - 15 poisoned darts (quivered)
 o - 9 boomerangs
Armour
 f - a +0 robe (melded)
 v - a +0 cloak (melded)
Magical Staves
 i - a staff of cold
 l - a staff of fire
Jewellery
 r - a +6 ring of intelligence (left branch)
Scrolls
 e - a scroll of fog
 g - a scroll of enchant weapon {unknown}
 j - a scroll of teleportation {unknown}
 m - a scroll of magic mapping {unknown}
 n - 3 scrolls of identify {unknown}
 s - 2 scrolls of poison {unknown}
Potions
 h - a potion of might {unknown}
 k - a potion of attraction {unknown}
 p - a potion of mutation {unknown}
 q - a potion of lignification
 t - a potion of brilliance {unknown}


   Skills:
 * Level 3.6 Fighting
 - Level 1.7 Staves
 - Level 1.5 Ranged Weapons
 - Level 2.4 Throwing
 - Level 1.0 Armour
 * Level 2.0 Spellcasting
 - Level 1.0 Invocations


You had 5 spell levels left.
You knew the following spells:

 Your Spells              Type           Power      Damage    Failure   Level
a - Kiss of Death         Conj/Necr      40%        2d8       7%          1
b - Momentum Strike       Conj/Tloc      20%        3d8       11%         2
Your spell library was empty.

Dungeon Overview and Level Annotations

Branches:
Dungeon (3/15)

Altars:
Gozag
Zin

Shops:
D:1 !


Innate Abilities, Weirdness & Mutations

You are a tree.
Your roots penetrate the ground, keeping you stationary.
You cannot be teleported.
You are immune to unholy pain and torment.
Your maximum health is greatly increased.
Your equipment is partially melded.
You are immune to sickness and miasma.
You are immune to poison.
((Your flesh is very heat resistant. (rF++)))
((You are vulnerable to cold. (rC-)))
You float through the air rather than walking.
You learn spells naturally, not from books.
Your magical power is your life essence.
You have superior vitality. (+4 MHP)


Message History

Unknown command.
Unknown command.
You are now empty-handed.
The gnoll bouda hits you but does no damage.
You hit the gnoll bouda but do no damage.
The gnoll bouda is severely wounded.
The gnoll is no longer moving quickly.
The gnoll hits you from afar with a +0 halberd!
* * * LOW HITPOINT WARNING * * *
The gnoll bouda hits you but does no damage.
You hit the gnoll bouda but do no damage.
The gnoll bouda is severely wounded.
The gnoll hits you but does no damage.
The gnoll bouda hits you but does no damage.
You hit the gnoll bouda.
The gnoll bouda is severely wounded.
The gnoll is no longer moving quickly.
The gnoll hits you but does no damage.
The gnoll bouda barks out a call to the hunt!
The gnolls pick up the pace!
You completely miss the gnoll bouda.
The gnoll bouda is severely wounded.
The gnoll hits you from afar with a +0 halberd.
* * * LOW HITPOINT WARNING * * *
The gnoll bouda hits you but does no damage.
You hit the gnoll bouda but do no damage.
The gnoll bouda is severely wounded.
The gnoll hits you from afar with a +0 halberd.
* * * LOW HITPOINT WARNING * * *
The gnoll bouda hits you with a +0 club.
* * * LOW HITPOINT WARNING * * *
You hit the gnoll bouda.
The gnoll bouda is almost dead.
The gnoll hits you but does no damage.
The gnoll bouda prays to its god.
The gnoll bouda is healed somewhat.
You hit the gnoll bouda but do no damage.
The gnoll bouda is heavily wounded.
The gnoll hits you but does no damage.
The gnoll bouda hits you with a +0 club.
You die...

# #. #.##### #
#.g... #.
#g..g# ># #g#
.### #g# ..# ##
#g# #.# #. #♣#
#.###. #.#
#..... #.#
#.###. #.#
########.# #.
#.####........#
##
#......######.#
######## #.#
#.#### #.....


You could see a gnoll bouda and 3 gnolls.

Vanquished Creatures
  An iguana (D:4)
  3 adders (D:2)
  2 gnolls
  An ufetubus (D:4)
  A worm (D:2)
  A dart slug (D:1)
  3 endoplasms
  3 giant cockroaches
  6 goblins
  2 hobgoblins
  4 jackals (D:4)
  A ball python (D:1)
  4 bats
  A frilled lizard (D:2)
  3 kobolds (D:2)
  3 rats (D:2)
39 creatures vanquished.

Notes
Turn   | Place    | Note
-------+----------+-------------------------------------------
     0 | D:1      | Banquo the Djinni Wanderer began the quest for the Orb.
     0 | D:1      | Banquo set off with the following items: a +2 sling, a +0
                  | quarterstaff, 10 poisoned darts, a +0 dagger, a scroll of
                  | fog, a +0 robe.
     0 | D:1      | Reached XP level 1. HP: 17/17 MP: 0/0
    29 | D:1      | Found Riemyush's Distillery.
   115 | D:1      | Reached XP level 2. HP: 21/22 MP: 0/0
   232 | D:1      | Reached skill level 1 in Spellcasting
   316 | D:1      | Reached skill level 2 in Fighting
   596 | D:2      | Reached XP level 3. HP: 28/28 MP: 0/0
   596 | D:2      | Learned a level 1 spell: Kiss of Death
   976 | D:2      | Reached XP level 4. HP: 29/30 MP: 0/0
  1419 | D:3      | Found a glowing silver altar of Zin.
  1468 | D:3      | You are sucked into a shaft and drop 1 floor!
  1468 | D:4      | Found an opulent altar of Gozag.
  1556 | D:4      | Reached skill level 3 in Fighting
  1558 | D:4      | Reached XP level 5. HP: 25/40 MP: 0/0
  1558 | D:4      | Learned a level 2 spell: Momentum Strike
  1784 | D:4      | HP: 3/60 [gnoll bouda/+0 club (2)]
  1786 | D:4      | Slain by a gnoll bouda

Illustrated notes

Levels and vault maps discovered:
D:1:      heliophobic_arrival_battle_scene, layout_loops_ring, serial_shops,
          shop, wad_floor_pattern_untrapped
D:2:      layout_basic
D:3:      layout_rooms, mainiacjoe_overflow_small_starburst,
          shapermc_ecumenical_altar_pompeii, serial_co_window_serial,
          co_window_corner_a, co_window_corner_a, co_window_of_opportunity_a,
          co_window_corner_a, co_window_cross_1, co_window_paths_a,
          co_window_broadway_c, co_window_unsneaky_path_a,
          co_window_unsneaky_path_a, co_window_corner_b, co_window_paths_e,
          glass_columns_a, glass_columns_a, glass_columns_a, glass_columns_b,
          uniq_grinder
D:4:      layout_loops_ring, mainiacjoe_overflow_six_doors_small,
          gup_sewer_entry_pipe, nrook_mini_vaults, nrook_uturn

Skill      XL: |  1  2  3  4  5 |
---------------+----------------+-----
Spellcasting   | 1 2 |  2.0
Fighting       | 2 3 |  3.6
Staves         | |  1.7
Ranged Weapons | |  1.5
Throwing       | |  2.4
Armour         | |  1.0
Invocations    | |  1.0

Action                     |  1- 3 |  4- 6 || total
---------------------------+-------+-------++-------
  Melee: Unarmed           |       |     7 ||     7
   Fire: Sling             |    58 |    68 ||   126
   Cast: Kiss of Death     |     1 |       ||     1
         Momentum Strike   |       |     2 ||     2
    Use: Potion            |       |     1 ||     1
 Armour: Robe              |     6 |    11 ||    17
         Skin              |       |    18 ||    18
  Dodge: Dodged            |    21 |    34 ||    55

Table legend: (Time is in decaauts)
 A = Elapsed time spent in this place.
 B = Non-inter-level travel time spent in this place.
 C = Inter-level travel time spent in this place.
 D = Time resting spent in this place.
 E = Time spent auto-exploring this place.
 F = Levels seen in this place.
 G = Mean time per level.
                   A        B        C        D        E       F      G
               +--------+--------+--------+--------+--------+-----+--------+
         Total |   1825 |   1617 |    208 |    152 |    972 |   4 |  456.2 |
       Dungeon |   1825 |   1617 |    208 |    152 |    972 |   4 |  456.2 |
               +--------+--------+--------+--------+--------+-----+--------+

Top non-repeatable levels by time:
     D:2: 898 daAuts
     D:1: 592 daAuts
     D:4: 331 daAuts
     D:3: 3 daAuts
